 Dungeon Crawl Stone Soup version 0.22.1-6-g1668fe2 (webtiles) character file.

36367 GORGAWROTH the Basher (level 14, -11/108 (113) HPs)
             Began as a Formicid Fighter on Jan 30, 2019.
             Was an Elder of Elyvilon (penitent).
             Mangled by a deep troll (20 damage)
             ... on level 15 of the Dungeon.
             The game lasted 03:44:02 (17112 turns).

GORGAWROTH the Basher (Formicid Fighter)           Turns: 17112, Time: 03:44:04

HP:   -11/108 (113) AC: 30    Str: 25 (26) XL:     14   Next: 23%
MP:   0/25          EV: 12    Int: 13 (14) God:    Elyvilon [*]
Gold: 753           SH: 13    Dex: 16 (19) Spells: 13/13 levels left

rFire    + + +     SeeInvis +   C - +0 flail (protect)
rCold    . . .     Gourm    .   c - +0 shield
rNeg     . . .     Faith    .   u - +4 plate armour
rPois    +         Spirit   +   (helmet unavailable)
rElec    +         Reflect  .   r - scarf {Spirit}
rCorr    .         Harm     .   G - +2 pair of gloves of the Spheres {rElec rPois Dex+3}
MR       ++...                  z - +0 pair of boots "Queshe" {rPois MR+ Dex+6 SInv}
Stlth    ..........             v - amulet "Beekh" {Spirit *Drain rF+++}
HPRegen  0.28/turn              l - +6 ring of intelligence
MPRegen  0.19/turn              O - ring of magical power

@: protection, protection aura
A: permanent stasis, dig shafts and tunnels, four strong arms, antennae 3
a: Dig, Shaft Self, Renounce Religion


You were on level 15 of the Dungeon.
You worshipped Elyvilon.
Elyvilon was demanding penance.
You were not hungry.

You visited 3 branches of the dungeon, and saw 17 of its levels.
You also visited: Ossuary.

You collected 1268 gold pieces.
You spent 515 gold pieces at shops.

Inventory:

Hand Weapons
 a - a +0 flail
 b - a +0 triple crossbow
 i - a +3 dire flail of flaming
 y - a cursed -3 whip
 C - a +0 flail of protection (weapon)
 D - a +0 shortbow
 I - a +2 dire flail of crushing
 J - a +1 whip of flaming
 L - a +0 blowgun
 Q - a cursed +3 flail of freezing
 T - a cursed -2 whip
 U - a +0 shortbow of flaming
 V - a cursed -2 morningstar
 W - a +2 longbow of freezing
 X - a +0 bardiche of venom
Missiles
 e - 556 stones
 o - 65 poisoned needles
 s - 101 bolts
 w - 130 sling bullets
 A - 458 arrows
 H - 9 tomahawks
 N - 14 large rocks
 R - 5 needles of confusion
 S - a throwing net (quivered)
 Y - 5 needles of sleeping
Armour
 c - a +0 shield (worn)
 r - a scarf of spirit shield (worn)
 u - a +4 plate armour (worn)
 z - the +0 pair of boots "Queshe" (worn) {rPois MR+ Dex+6 SInv}
   (You found it on level 9 of the Dungeon)

   It affects your dexterity (+6).
   It protects you from poison.
   It affects your resistance to hostile enchantments.
   It lets you see invisible.
 B - a +0 troll leather armour
 G - the +2 pair of gloves of the Spheres (worn) {rElec rPois Dex+3}
   (You bought it in a shop on level 9 of the Dungeon)

   It affects your dexterity (+3).
   It insulates you from electricity.
   It protects you from poison.
 K - a +2 cloak
Jewellery
 g - an uncursed amulet of magic regeneration
 l - a +6 ring of intelligence (left hand)
 n - an uncursed amulet of the gourmand
 v - the amulet "Beekh" (around neck) {Spirit *Drain rF+++}
   (You acquired it on level 4 of the Dungeon)

   [amulet of guardian spirit]

   It causes incoming damage to be split between your health and magic.
   It renders you almost immune to fire.
   It causes draining when unequipped.
 F - a cursed ring of attention
 O - a ring of magical power (right hand)
Wands
 k - a wand of paralysis (17)
 p - a wand of flame (21)
 M - a wand of polymorph (19)
Scrolls
 h - 7 scrolls of identify
 j - 4 scrolls of remove curse
 m - 2 scrolls of fog
 t - 5 scrolls of amnesia
Potions
 d - 2 potions of agility
 E - 4 potions of curing
 P - 2 potions of flight
Comestibles
 f - 21 rations


   Skills:
 - Level 11.1 Fighting
 * Level 13.1 Maces & Flails
 - Level 10.5 Armour
 - Level 7.3 Dodging
 - Level 10.1 Stealth
 - Level 10.7 Shields
 - Level 3.1 Invocations
 - Level 0.9 Evocations


You had 13 spell levels left.
You didn't know any spells.
Your spell library contained the following spells:

 Spells                   Type           Power        Failure   Level  Hunger
 Corona                   Hex            #......      97%         1    ##.....
 Slow                     Hex            #.......     99%         2    ###....
 Inner Flame              Hex/Fire       #.......     100%        3    ####...
 Portal Projectile        Hex/Tloc       #.....       100%        3    ####...
 Cause Fear               Hex            #.........   100%        4    #####..
 Leda's Liquefaction      Hex/Erth       #.........   100%        4    #####..


Dungeon Overview and Level Annotations

Branches:
Dungeon (15/15)            Temple (0/1) D:7            Lair (1/6) D:9
    Orc (0/2) D:9          Vaults (0/5) D:14         Depths (1/5) D:15

Altars:
Cheibriados
Elyvilon
Fedhas
Kikubaaqudgha
Makhleb
Okawaru
Trog
Uskayaw
Vehumet
Yredelemnul

Shops:
D:5 (   D:9 [

Annotations:
D:12 2 transporters, buskinjo's ghost, journeyman MiGl


Innate Abilities, Weirdness & Mutations

You cannot be hasted, slowed, berserked, paralysed or teleported.
You can dig through walls and to a lower floor.
Your four strong arms can wield two-handed weapons with a shield.
You have a pair of large antennae on your head. (SInv)


Message History

The deep troll bites you but does no damage.
The deep troll claws you but does no damage.
You block the deep troll's attack.
You hit the deep troll.
The deep troll is lightly wounded.
The deep troll bites you!! Elyvilon protects you from harm!
You block the deep troll's attack. x2
You sock the deep troll!
The deep troll is moderately wounded.
You block the deep troll's attack. The deep troll claws you!
* * * LOW HITPOINT WARNING * * *
The deep troll misses you.
Your plate armour prevents you from hitting the deep troll.
The deep troll is moderately wounded.
You block the deep troll's attack. x2; The deep troll closely misses you.
You closely miss the deep troll.
The deep troll is moderately wounded.
The deep troll closely misses you. The deep troll claws you!!
You die...

#.# #.#
##.###.............
#.######.#
##[..######.#######.
#........# #..#..# #.# #.
#)######.# #..#..# #.# #.
#.# #.#####..#..# #.# #.
..# #.....#..#..#####.# #.
#.#
#.#####..#..#.....#######.
#.######.#
##.[T######.........
#........# ##@##
#.#######. #.######.# ####
#.# < #.# #.# #.# #.# #.
#.# #.########.######.# #.
#.# #.................# #.
..# #.########.######.# #.
#.# #.# #.# #.# #. #.# #.#
#.# #.#######. #.# #.# #.#
#.........


You could see a deep troll.

Vanquished Creatures
  Frances (D:14)
  A fire dragon (D:15)
  Harold (D:7)
  2 hydras (D:12)
  An ice dragon (D:15)
  A two-headed ogre (D:11)
  4 centaur warriors
  A deep troll shaman (D:15)
  7 slime creatures
  An unseen horror (D:15)
  An orc knight (D:15)
  Pikel (D:9)
  A deep elf mage (D:12)
  A wolf spider zombie (D:12)
  A manticore (D:15)
  3 cyclopes
  8 ugly things
  A black mamba (Lair:1)
  Maurice (D:11)
  A spiny frog (Lair:1)
  A gargoyle (D:12)
  A kobold demonologist (D:13)
  3 komodo dragons
  A red devil (D:15)
  6 trolls
  Prince Ribbit (D:9)
  A hippogriff (D:13)
  A hippogriff (shapeshifter) (D:14)
  3 blink frogs (Lair:1)
  Sigmund (D:5)
  A wraith (D:11)
  3 shadows
  10 yaks
  3 wyverns
  4 hogs (D:10)
  Eustachio (D:6)
  A human (D:10)
  3 vampire mosquitoes (D:15)
  2 hungry ghosts
  Grum (D:10)
  Edmund (D:6)
  An acid dragon (D:11)
  Duvessa (D:5)
  2 soldier ants
  2 water moccasins
  3 porcupines (Lair:1)
  5 sky beasts
  A swamp drake (D:9)
  An eye of draining (shapeshifter) (D:14)
  2 ice beasts
  4 phantoms
  9 orc warriors
  4 slaves (D:9)
  4 ogres
  4 wolves (D:10)
  An ogre (shapeshifter) (D:14)
  9 centaurs
  4 crocodiles
  4 big kobolds
  Blork the orc (D:6)
  9 bullfrogs
  Dowan (D:5)
  6 scorpions
  7 killer bees
  12 wights
  2 howler monkeys (D:14)
  5 crimson imps
  A quasit (D:6)
  4 bullfrog skeletons
  2 bullfrog zombies
  7 hounds
  3 jellies
  3 centaur skeletons
  Crazy Yiuf (D:5)
  5 iguanas
  9 orc priests
  16 orc wizards
  7 worker ants
  4 big kobold zombies (Ossuary)
  A killer bee zombie (D:10)
  A hound zombie (D:8)
  4 hound skeletons
  2 mummies
  A worker ant zombie (D:10)
  8 adders
  12 gnolls
  A shadow imp (D:13)
  2 adder zombies
  4 adder skeletons
  5 dart slugs
  3 leopard geckos
  54 orcs
  3 spectral bats (Ossuary)
  7 bats
  5 giant cockroaches
  8 gnoll zombies (Ossuary)
  4 goblins
  6 hobgoblins
  11 jackals
  41 kobolds
  3 quokkas
  7 bat simulacra (Ossuary)
  3 frilled lizards
  3 goblin simulacra (Ossuary)
  3 goblin zombies (Ossuary)
  5 hobgoblin zombies (Ossuary)
  4 kobold simulacra (Ossuary)
  5 kobold zombies (Ossuary)
  7 orc zombies
  10 rats
  A rat simulacrum (Ossuary)
  3 spectral goblins (Ossuary)
  4 spectral kobolds (Ossuary)
  2 spectral rats (Ossuary)
  A plant (D:8)
498 creatures vanquished.

Vanquished Creatures (others)
  A fungus (Lair:1)
1 creature vanquished.

Grand Total: 499 creatures vanquished

Notes
Turn   | Place    | Note
-------+----------+-------------------------------------------
     0 | D:1      | GORGAWROTH the Formicid Fighter began the quest for the
                  | Orb.
     0 | D:1      | Reached XP level 1. HP: 18/18 MP: 1/1
    51 | D:1      | Reached XP level 2. HP: 23/24 MP: 2/2
   225 | D:1      | Reached XP level 3. HP: 29/29 MP: 3/3
   497 | D:2      | Reached skill level 1 in Stealth
   544 | D:2      | Found a snail-covered altar of Cheibriados.
   594 | D:2      | Found a burning altar of Makhleb.
   645 | D:2      | Reached XP level 4. HP: 37/37 MP: 4/4
  1034 | D:3      | Reached skill level 3 in Maces & Flails
  1034 | D:3      | Reached XP level 5. HP: 42/42 MP: 5/5
  1309 | D:3      | Reached skill level 1 in Dodging
  1417 | D:3      | Found a radiant altar of Vehumet.
  1907 | D:4      | Reached skill level 5 in Shields
  1907 | D:4      | Reached XP level 6. HP: 32/48 MP: 6/6
  2049 | D:4      | Found a sand-covered staircase.
  2066 | D:4      | Reached skill level 4 in Maces & Flails
  2077 | Ossuary  | Entered an ossuary
  2687 | Ossuary  | Reached XP level 7. HP: 55/55 MP: 7/7
  3126 | D:4      | Identified a scroll of acquirement
  3127 | D:4      | Got a clouded golden amulet
  3129 | D:4      | Identified the amulet "Beekh" {Spirit *Drain rF+++} (You
                  | acquired it on level 4 of the Dungeon)
  3286 | D:4      | Found a blossoming altar of Fedhas.
  3673 | D:4      | Found a basalt altar of Yredelemnul.
  3708 | D:4      | Reached skill level 5 in Maces & Flails
  3847 | D:5      | Entered Level 5 of the Dungeon
  3872 | D:5      | Reached XP level 8. HP: 25/61 MP: 5/8
  4242 | D:5      | Noticed Sigmund
  4264 | D:5      | Killed Sigmund
  4383 | D:5      | Found Gasmerei's Weapon Shop.
  4386 | D:5      | Bought a +0 flail of protection for 86 gold pieces
  4399 | D:5      | Found a bloodstained altar of Trog.
  4399 | D:5      | Noticed Duvessa
  4399 | D:5      | Noticed Dowan
  4448 | D:5      | Killed Duvessa
  4448 | D:5      | Reached skill level 5 in Fighting
  4448 | D:5      | Reached skill level 6 in Maces & Flails
  4476 | D:5      | Killed Dowan
  4634 | D:5      | Found a white marble altar of Elyvilon.
  4642 | D:5      | Became a worshipper of Elyvilon the Healer
  4657 | D:5      | Reached XP level 9. HP: 66/68 MP: 9/9
  4855 | D:5      | Found a runed door.
  4858 | D:5      | Noticed Crazy Yiuf
  4862 | D:5      | Killed Crazy Yiuf
  4969 | D:6      | Noticed Eustachio
  5083 | D:6      | Killed Eustachio
  5143 | D:6      | Noticed Edmund
  5163 | D:6      | Killed Edmund
  5163 | D:6      | Reached skill level 7 in Maces & Flails
  5401 | D:6      | Reached * piety under Elyvilon
  5401 | D:6      | Noticed Blork the orc
  5415 | D:6      | Killed Blork the orc
  6027 | D:7      | Noticed Harold
  6059 | D:7      | Killed Harold
  6059 | D:7      | Reached skill level 8 in Maces & Flails
  6059 | D:7      | Reached skill level 5 in Stealth
  6059 | D:7      | Reached XP level 10. HP: 58/76 MP: 7/10
  6198 | D:7      | Found an iron altar of Okawaru.
  6361 | D:7      | Reached ** piety under Elyvilon
  6366 | D:7      | Found a staircase to the Ecumenical Temple.
  6911 | D:8      | Reached skill level 9 in Maces & Flails
  7642 | D:8      | Reached skill level 5 in Armour
  7677 | D:9      | Got a pair of fine boots
  7688 | D:9      | Identified the +0 pair of boots "Queshe" {rPois MR+ Dex+6
                  | SInv} (You found it on level 9 of the Dungeon)
  8114 | D:9      | Found an iron altar of Okawaru.
  8120 | D:9      | Reached *** piety under Elyvilon
  8240 | D:9      | Noticed Prince Ribbit
  8280 | D:9      | Killed Prince Ribbit
  8284 | D:9      | Noticed Pikel
  8326 | D:9      | Killed Pikel
  8404 | D:9      | Found Ozxohiax's Armour Boutique.
  8410 | D:9      | Found a staircase to the Orcish Mines.
  8427 | D:9      | Reached skill level 10 in Maces & Flails
  8427 | D:9      | Reached XP level 11. HP: 83/83 MP: 11/11
  9325 | D:9      | Found a staircase to the Lair.
  9362 | Lair:1   | Entered Level 1 of the Lair of Beasts
  9411 | Lair:1   | Reached skill level 5 in Dodging
 10092 | Lair:1   | Reached skill level 11 in Maces & Flails
 10632 | D:9      | Bought the +2 pair of gloves of the Spheres {rElec rPois
                  | Dex+3} for 429 gold pieces
 10857 | D:10     | Entered Level 10 of the Dungeon
 10860 | D:10     | Reached **** piety under Elyvilon
 11169 | D:10     | Reached XP level 12. HP: 89/93 MP: 12/12
 11560 | D:10     | Noticed Grum
 11586 | D:10     | Killed Grum
 11996 | D:11     | Noticed Maurice
 12069 | D:11     | Killed Maurice
 12390 | D:11     | Reached ***** piety under Elyvilon
 12655 | D:11     | Noticed a two-headed ogre
 12674 | D:11     | Killed a two-headed ogre
 12824 | D:12     | Noticed a seven-headed hydra
 12940 | D:12     | Noticed a centaur warrior
 12940 | D:12     | Noticed a storm dragon
 12952 | D:12     | Noticed buskinjo's ghost (journeyman MiGl)
 13129 | D:12     | Killed a seven-headed hydra
 13195 | D:12     | Reached skill level 12 in Maces & Flails
 13218 | D:12     | Found a transporter.
 13267 | D:12     | Reached XP level 13. HP: 89/102 MP: 13/13
 13373 | D:12     | Noticed an eight-headed hydra
 13388 | D:12     | Killed an eight-headed hydra
 13399 | D:12     | Found a transporter.
 13451 | D:12     | Reached skill level 10 in Shields
 13693 | D:13     | Noticed a centaur warrior
 13706 | D:13     | Reached skill level 10 in Fighting
 13763 | D:13     | Killed a centaur warrior
 13936 | D:13     | Noticed a centaur warrior
 13973 | D:13     | Killed a centaur warrior
 14435 | D:14     | Noticed Frances
 14498 | D:14     | Killed Frances
 14667 | D:14     | Noticed an ice dragon
 14807 | D:14     | Found a gate to the Vaults.
 14949 | D:14     | Reached skill level 10 in Armour
 15892 | D:15     | Entered Level 15 of the Dungeon
 15935 | D:15     | Noticed a centaur warrior
 15951 | D:15     | Killed a centaur warrior
 15951 | D:15     | Reached skill level 1 in Invocations
 16002 | D:15     | Noticed a centaur warrior
 16018 | D:15     | Killed a centaur warrior
 16179 | D:15     | Reached skill level 10 in Stealth
 16191 | D:15     | Reached XP level 14. HP: 98/106 MP: 15/15
 16194 | D:15     | Found an ancient bone altar of Kikubaaqudgha.
 16483 | D:15     | Found a hide-covered altar of Uskayaw.
 16796 | D:15     | Reached skill level 13 in Maces & Flails
 17061 | D:15     | Found a staircase to the Depths.
 17088 | Depths:1 | Entered Level 1 of the Depths
 17088 | Depths:1 | Noticed a frost giant
 17088 | Depths:1 | Noticed a spark wasp
 17088 | Depths:1 | Noticed a spark wasp
 17106 | D:15     | Was placed under penance by Elyvilon
 17109 | D:15     | Elyvilon protects you from harm!
 17112 | D:15     | Mangled by a deep troll

Skill      XL: |  1  2  3  4  5  6  7  8  9 10 11 12 13 14 |
---------------+-------------------------------------------+-----
Shields        | 4 5 7 8 9 10 | 10.7
Stealth        | 1 2 3 5 6 7 9 10 | 10.1
Maces & Flails | 3 4 5 6 8 10 11 12 13 | 13.1
Dodging        | 1 2 3 4 5 6 7 |  7.3
Fighting       | 4 5 6 8 9 10 11 | 11.1
Armour         | 4 5 7 8 10 | 10.5
Invocations    | 1 3 |  3.1
Evocations     | |  0.9

Action                   |  1- 3 |  4- 6 |  7- 9 | 10-12 | 13-15 || total
-------------------------+-------+-------+-------+-------+-------++-------
Melee: Flail             |   107 |   370 |   529 |  1270 |   714 ||  2990
       Unarmed           |       |       |       |    26 |       ||    26
       Dire flail        |       |       |       |       |    10 ||    10
Throw: Stone             |       |       |       |     2 |       ||     2
       Tomahawk          |       |       |       |     7 |       ||     7
       Throwing net      |       |       |       |     2 |     1 ||     3
Invok: Greater Healing   |       |       |       |     1 |     6 ||     7
       Divine Protection |       |       |       |       |     3 ||     3
       Heal Other        |       |       |       |       |     1 ||     1
       Lesser Healing    |       |       |       |       |     1 ||     1
 Abil: Dig               |       |     1 |     8 |    19 |     3 ||    31
Evoke: Wand              |       |       |       |     5 |     1 ||     6
  Use: Potion            |       |     5 |     5 |     9 |     4 ||    23
       Scroll            |       |     4 |     9 |     9 |     3 ||    25
 Stab: Held in net/web   |       |       |       |     4 |     2 ||     6
  Eat: Chunk             |       |     5 |     9 |    12 |     5 ||    31
       Ration            |       |     1 |     1 |     6 |     4 ||    12
Armor: Scale mail        |    56 |    26 |       |       |       ||    82
       Plate armour      |       |   163 |   308 |   430 |   234 ||  1135
       Skin              |       |       |       |    15 |       ||    15
Dodge: Dodged            |    42 |    86 |   155 |   292 |   202 ||   777
Block: Shield            |    54 |   198 |   321 |   659 |   383 ||  1615
